 Dungeon Crawl Stone Soup version 0.27.1-35-g4d5d836560 (console) character file.

Game seed: 12993384418934914752

207 grimtooth the Cudgeller (level 5, -2/43 HPs)
             Began as a Demonspawn Abyssal Knight on June 4, 2022.
             Was a Believer of Lugonu.
             Slain by a hornet (10 damage)
             ... while paralysed by a hornet
             ... on level 4 of the Dungeon.
             The game lasted 00:18:29 (3368 turns).

grimtooth the Cudgeller (Demonspawn Abyssal Knight) Turns: 3368, Time: 00:18:30

Health: -2/43      AC:  3    Str: 12 (13) XL:     5   Next: 54%
Magic:  0/6        EV:  2    Int: 13 (14) God:    Lugonu [**....]
Gold:   334        SH:  0    Dex:  9 (12) Spells: 4/4 levels left

rFire    . . .     SeeInvis +   b - +2 hunting sling (vorpal)
rCold    . . .     Faith    .   (no shield)
rNeg     . . .     Spirit   +   v - +0 leather armour
rPois    .         Reflect  .   (helmet restricted)
rElec    .         Harm     .   (no cloak)
rCorr    .         Rampage  .   (no gloves)
Will     .....                  (no boots)
Stlth    +.........             x - amulet of guardian spirit
HPRegen  0.14/turn              y - ring of see invisible
MPRegen  0.10/turn              (no ring)

@: paralysed, lethally poisoned (-2 -> -11), hasted and slowed
A: antennae 1, demonic magic 1
a: Renounce Religion, Depart the Abyss, Bend Space


You were on level 4 of the Dungeon.
You worshipped Lugonu.
Lugonu was pleased with you.
You visited 1 branch of the dungeon, and saw 4 of its levels.
You visited the Abyss 1 time.
You also visited: Ossuary.

You collected 334 gold pieces.

Inventory:

Hand Weapons
 a - a +1 mace
 b - a +2 vorpal hunting sling (weapon)
Missiles
 e - 5 javelins
 l - 15 stones (quivered ammo)
Armour
 v - a +0 leather armour (worn)
Jewellery
 h - a ring of fire
 x - an amulet of guardian spirit (around neck)
 y - a ring of see invisible (left hand)
Wands
 z - a wand of polymorph (2)
Scrolls
 g - a scroll of enchant armour {unknown}
 i - 2 scrolls of torment
 j - 2 scrolls of silence {unknown}
 k - a scroll of summoning {unknown}
 m - a scroll of holy word {unknown}
 r - a scroll of immolation {unknown}
 s - 3 scrolls of blinking {unknown}
 t - 3 scrolls of teleportation {unknown}
 u - 2 scrolls of fear {unknown}
 B - a scroll of fog {unknown}
Potions
 c - 2 potions of lignification
 d - 2 potions of flight {unknown}
 f - 2 potions of brilliance
 n - 3 potions of degeneration
 o - a potion of attraction
 p - 2 potions of heal wounds {unknown}
 q - 2 potions of curing
 w - a potion of haste
 A - a potion of mutation {unknown}


   Skills:
 + Level 4.3 Fighting
 * Level 4.5 Maces & Flails
 - Level 1.7 Armour
 - Level 0.8 Dodging
 - Level 2.4 Invocations


You had 4 spell levels left.
You didn't know any spells.
Your spell library contained the following spells:

 Spells                   Type           Power      Damage    Failure   Level
 Shock                    Conj/Air       0%         1d3       36%         1
 Swiftness                Air            0%         N/A       75%         3
 Airstrike                Air            0%         N/A       98%         4


Dungeon Overview and Level Annotations

Branches:
Dungeon (4/15)            Ossuary (visited)
 Temple: D:4-7

Altars:
Okawaru

Shops:
D:1 [


Innate Abilities, Weirdness & Mutations

You have a pair of small antennae on your head.
Spells you cast may paralyse adjacent enemies.


Message History

You see here a +0 dagger.
You thump the dart slug!
The dart slug is severely wounded.
The dart slug launches a dart at you. The slug dart hits you.
You hit the dart slug.
You kill the dart slug!
Lugonu accepts your kill.
You see here a dart slug corpse.
b - a +2 vorpal hunting sling (weapon)
A hornet comes into view.
You hear the rapid rusting of a drain nearby.
The hornet buzzes angrily.
You hear a shout!
Enter note: - a fucking hornet Unknown command.
Okay, then.
You feel yourself speed up.
Fire: 18 stones
Press: ? - help, Q - select action, (/) - cycle Shift-Dir - straight line, f - hornet
Aim: a hornet (44% to hit)
You shoot a stone. The stone closely misses the hornet.
A hobgoblin comes into view.
Fire: 17 stones
Press: ? - help, Q - select action, (/) - cycle Shift-Dir - straight line, f/p - hornet
Aim: a hornet (44% to hit)
You shoot a stone.
The stone hits the hornet but does no damage.
Fire: 16 stones
Press: ? - help, Q - select action, (/) - cycle Shift-Dir - straight line, f/p - hornet
Aim: a hornet (44% to hit)
You shoot a stone. The stone hits the hornet.
The hornet is lightly wounded.
The hornet stings you!
You suddenly lose the ability to move!
The hornet stings you!
You feel yourself slow down. The hornet stings you!
* * * LOW HITPOINT WARNING * * *
You are lethally poisoned!
You feel as though you will be slow longer.
The hornet stings you!
You die...

.. .. .. # #......
...... ..... ## ##.
.g.. ..##. ####..#
#..##..... ..#..#. ..#
###........#
..........###..#y.....#
##.... ..##.....@# ##
..###.###....## .#
#.....##.....#
.###............#
.#............###
.#.†#........###
.#.)##...#.....###
.#.†###............
...## ###...#######
.#...# #..## ##...#
...#


You could see a hornet and a hobgoblin.

Vanquished Creatures
  8 mummies (Ossuary)
  An adder (D:4)
  4 dart slugs
  4 orcs (D:4)
  5 ball pythons
  3 bats
  7 endoplasms
  3 giant cockroaches
  6 goblins
  5 hobgoblins (D:2)
  8 jackals
  5 quokkas
  3 frilled lizards (D:1)
  2 gnoll zombies (Ossuary)
  2 hobgoblin zombies (Ossuary)
  6 kobolds
  A kobold zombie (Ossuary)
  3 orc zombies (Ossuary)
  4 rats (D:3)
80 creatures vanquished.

Notes
Turn   | Place    | Note
-------+----------+-------------------------------------------
     0 | Abyss:1  | grimtooth the Demonspawn Abyssal Knight began the quest for
                  | the Orb.
     0 | Abyss:1  | Reached XP level 1. HP: 18/18 MP: 2/2
    67 | Abyss:1  | Noticed a wretched star
    68 | D:1      | Escaped the Abyss
   222 | D:1      | Gained mutation: You have a pair of small antennae on your
                  | head. [demonic ancestry]
   222 | D:1      | Reached XP level 2. HP: 8/24 MP: 3/3
   543 | D:1      | Found Vehimus's Armour Shoppe.
   567 | D:1      | Reached * piety under Lugonu
  1144 | D:2      | Reached XP level 3. HP: 29/29 MP: 4/4
  1178 | D:2      | Found an iron altar of Okawaru.
  1764 | D:2      | Found a faded altar of an unknown god.
  1884 | D:2      | Reached ** piety under Lugonu
  2541 | D:3      | Reached XP level 4. HP: 37/37 MP: 5/5
  2848 | D:4      | Found a sand-covered staircase.
  2885 | Ossuary  | Entered an ossuary
  3007 | Ossuary  | Gained mutation: Spells you cast may paralyse adjacent
                  | enemies. [demonic ancestry]
  3007 | Ossuary  | Reached XP level 5. HP: 4/42 MP: 1/6
  3362 | D:4      | Noticed a hornet
  3363 | D:4      | - a fucking hornet
  3366 | D:4      | Paralysed by a hornet for 2 turns
  3368 | D:4      | Slain by a hornet

Illustrated notes

.. .. .. # #......
...... .y... ## ##.
.... ..##. ####..#
#..##..... ..#..#. ..#
###........#
..........###..#......#
##.... ..##.....@# ##
..###.###....## .#
#.....##.....#
.###............#
.#............###
.#.†#........###
.#.)##...#.....###
.#.†###............
...## ###...#######
.#...# #..## ##...#
...#


Turn 3363 on D:4: - a fucking hornet

Levels and vault maps discovered:
D:1:      dpeg_arrival_rooms_c, layout_basic, serial_shops, shop
D:2:      layout_basic, shapermc_ecumenical_altar_hornbeckon, basic_altar
D:3:      layout_loops_ring
D:4:      layout_cave_pools, lemuel_tele_altar, portal_sewer_entry_e,
          nicolae_ossuary_entry_monument

Skill      XL: |  1  2  3  4 |
---------------+-------------+-----
Maces & Flails | 2 3 4 |  4.5
Fighting       | 4 |  4.3
Armour         | |  1.7
Dodging        | |  0.8
Invocations    | |  2.4

Action                   |  1- 3 |  4- 6 || total
-------------------------+-------+-------++-------
Melee: Mace              |   117 |    16 ||   133
 Fire: Hunting sling     |    21 |   106 ||   127
Throw: Stone             |    14 |       ||    14
Invok: Depart the Abyss  |     1 |       ||     1
  Use: Scroll            |       |     5 ||     5
       Potion            |       |     5 ||     5
 Stab: Sleeping          |     2 |       ||     2
Armor: Leather armour    |    48 |     3 ||    51
Dodge: Dodged            |    95 |    10 ||   105
